 Dungeon Crawl Stone Soup version 0.20.1-1-g8b1a95d (webtiles) character file.

116 equalderp2856 the Shield-Bearer (level 4, -1/40 HPs)
             Began as a Minotaur Fighter on July 28, 2017.
             Splashed by Ijyb's acid (10 damage)
             ... on level 3 of the Dungeon.
             The game lasted 00:03:48 (1758 turns).

equalderp2856 the Shield-Bearer (Minotaur Fighter)  Turns: 1758, Time: 00:03:48

Health: -1/40      AC:  4    Str: 20    XL:     4   Next: 70%
Magic:  3/3        EV:  7    Int:  5    God:
Gold:   87         SH:  9    Dex: 11    Spells: 3/3 levels left

rFire    . . .     SeeInvis .   a - +0 war axe
rCold    . . .     Gourm    .   c - +0 shield
rNeg     . . .     Faith    .   b - +0 scale mail
rPois    .         Spirit   .   (helmet restricted)
rElec    .         Reflect  .   (no cloak)
rCorr    .         Harm     .   (no gloves)
MR       .....                  p - +0 pair of boots
Stlth    ..........             (no amulet)
Regen    0.2/turn               (no ring)
MPRegen  0.1/turn               (no ring)

@: corroded
A: retaliatory headbutt, horns 2
a: no special abilities


You were on level 3 of the Dungeon.
You were not hungry.

You visited 1 branch of the dungeon, and saw 3 of its levels.

You collected 87 gold pieces.

Inventory:

Hand Weapons
 a - a +0 war axe (weapon)
Missiles
 k - 88 stones (quivered)
 l - 13 sling bullets
Armour
 b - a +0 scale mail (worn)
 c - a +0 shield (worn)
 p - a +0 pair of boots (worn)
Jewellery
 r - an uncursed ring of poison resistance {unknown}
Scrolls
 h - a scroll of immolation {unknown}
 j - a scroll of recharging {unknown}
 m - 2 scrolls of teleportation {unknown}
 o - 2 scrolls of identify {unknown}
Potions
 d - a potion of might
 e - 2 potions of curing {unknown}
 g - 2 potions of ambrosia {unknown}
 n - 2 potions of brilliance {unknown}
 q - a potion of degeneration {unknown}
 s - 2 potions of heal wounds {unknown}
Comestibles
 f - 3 bread rations
 i - 2 meat rations


   Skills:
 + Level 4.2 Fighting
 + Level 4.3 Axes
 + Level 4.2 Armour
 + Level 0.2 Dodging
 + Level 0.1 Stealth
 + Level 4.4 Shields


You had 3 spell levels left.
You didn't know any spells.

Dungeon Overview and Level Annotations

Branches:
Dungeon (3/15)

Altars:

Annotations:
D:3 Ijyb


Innate Abilities, Weirdness & Mutations

You reflexively headbutt those who attack you in melee.
You have a pair of horns on your head.


Message History

You slash the kobold!
You kill the kobold!
You hit the hobgoblin.
You kill the hobgoblin!
The quokka closely misses you. You furiously retaliate!
You headbutt the quokka, but do no damage.
You block the quokka's attack.
You closely miss the quokka. You headbutt the quokka.
You kill the quokka!
Ijyb the Twisted Goblin comes into view.
An orc comes into view. It is wielding a club.
You see here a quokka corpse.
The orc shouts!
The orc moves out of view.
The orc hits you but does no damage.
Ijyb zaps a wand.
The bolt of acid misses the orc.
The bolt of acid hits you!
Ouch! That really hurt!
* * * LOW HITPOINT WARNING * * *
The acid corrodes you!
You are splashed with acid!
The acid burns!
You die...

.# ## .# .###### .#
.....# .## #.##.##..##
#. #######
#.#.......#... #.....#
##....)........ #.....#
#.....†........ #...(.##
#.....)@o>g....
#......###..<...........
#.......##(.((.#.....!..
..........(...##.####o#o
.........#.(.##..# .#
.........#...# ..# .
.........#...##..#
.........#.......#
#[).....##....##


You could see Ijyb and 3 orcs.

Vanquished Creatures
  An orc wizard (D:3)
  4 adders (D:2)
  An adder skeleton (D:2)
  A worm (D:2)
  A leopard gecko (D:2)
  4 orcs (D:3)
  5 bats
  4 giant cockroaches
  3 goblins (D:2)
  2 hobgoblins
  A quokka (D:3)
  2 frilled lizards
  11 kobolds
  6 rats
46 creatures vanquished.

Notes
Turn   | Place    | Note
-------+----------+-------------------------------------------
     0 | D:1      | equalderp2856 the Minotaur Fighter began the quest for the Orb.
     0 | D:1      | Reached XP level 1. HP: 19/19 MP: 0/0
   238 | D:1      | Reached XP level 2. HP: 27/27 MP: 1/1
   774 | D:2      | Reached XP level 3. HP: 32/33 MP: 2/2
  1602 | D:2      | Reached XP level 4. HP: 36/40 MP: 3/3
  1756 | D:3      | Noticed Ijyb
  1758 | D:3      | Splashed by Ijyb's acid

Skill      XL: |  1  2  3  4 |
---------------+-------------+-----
Shields        | 4 |  4.4
Axes           | 3 4 |  4.3
Armour         | 4 |  4.2
Fighting       | 4 |  4.2
Dodging        | |  0.2
Stealth        | |  0.1

Action                   |  1- 3 |  4- 6 || total
-------------------------+-------+-------++-------
Melee: War axe           |    63 |    13 ||    76
       Headbutt          |    12 |     2 ||    14
  Eat: Bread ration      |       |     1 ||     1
Armor: Scale mail        |    27 |     9 ||    36
Dodge: Dodged            |    19 |     9 ||    28
Block: Shield            |    43 |    10 ||    53
